 Dungeon Crawl Stone Soup version 0.27-a0-277-g024f7ef292 (webtiles) character file.

Game seed: 5460988285716372541

62 Nattfarinn the Ducker (level 3, -1/16 HPs)
             Began as a Felid Transmuter on Feb 7, 2021.
             Slain by a gnoll (6 damage)
             ... on level 2 of the Dungeon.
             The game lasted 00:03:33 (1342 turns).

Nattfarinn the Ducker (Felid Transmuter)            Turns: 1342, Time: 00:03:33

Health: -1/16      AC:  2    Str:  6    XL:     3   Next: 85%
Magic:  4/7        EV: 23    Int: 14    God:
Gold:   104        SH:  0    Dex: 22    Spells: 2/6 levels left
                                        Lives:  0   Deaths: 0

rFire    . . .     SeeInvis +     - Unarmed
rCold    . . .     Faith    .   (shield unavailable)
rNeg     . . .     Spirit   .   (armour unavailable)
rPois    x         Reflect  .   (helmet unavailable)
rElec    .         Harm     .   (cloak unavailable)
rCorr    .         Rampage  .   (gloves unavailable)
Will     .....                  (boots unavailable)
Stlth    ++........             f - amulet of regeneration
HPRegen  0.45/turn              (no ring)
MPRegen  0.10/turn              (no ring)

@: spider-form
A: tiny, no armour, no weapons or thrown items, stealth, see invisible
a: End Transformation


You were on level 2 of the Dungeon.
You were a venomous arachnid creature.
You visited 1 branch of the dungeon, and saw 2 of its levels.

You collected 104 gold pieces.

Inventory:

Jewellery
 b - an uncursed amulet of guardian spirit {unknown}
 f - an amulet of regeneration (around neck)
Scrolls
 a - 2 scrolls of identify {unknown}
 d - a scroll of enchant weapon {unknown}
 e - a scroll of teleportation {unknown}
Potions
 c - 2 potions of mutation {unknown}
 g - 2 potions of curing {unknown}


   Skills:
 + Level 1.7 Fighting
 * Level 4.0 Dodging
 + Level 3.3 Unarmed Combat
 - Level 2.0 Spellcasting
 * Level 3.1 Transmutations


You had 2 spell levels left.
You knew the following spells:

 Your Spells              Type           Power        Failure   Level
a - Beastly Appendage     Tmut           20%          17%         1
b - Spider Form           Tmut/Pois      2%           58%         3

Your spell library contained the following spells:

 Spells                   Type           Power        Failure   Level
 Wereblood                Tmut           10%          24%         2
 Ice Form                 Ice/Tmut       5%           90%         4
 Blade Hands              Tmut           5%           96%         5


Dungeon Overview and Level Annotations

Branches:
Dungeon (2/15)

Altars:


Innate Abilities, Weirdness & Mutations

You cannot wear armour.
You are incapable of wielding weapons or throwing items.
Your paws allow you to move quietly. (Stealth)
((You have sharp claws.))
((You have razor-sharp teeth.))
You have supernaturally acute eyesight. (SInv)
((You cover ground quickly.))
((You are covered in fur. (AC +1)))
((Your sharp claws are effective at attacking unaware monsters.))


Message History

No target in view!
No target in view!
A bat is nearby!
A frilled lizard comes into view.
The gnoll shouts!
Found a whip.
You scratch the bat.
You kill the bat!
Your Dodging skill increases to level 4!
Casting: Beastly Appendage (safe; 6% risk of failure)
Confirm with . or Enter, or press ? or * to list all spells.
The spell is potentially lethal to cast (36% risk of failure)!
Continue anyway?
You turn into a venomous arachnid creature.
The gnoll misses you. The frilled lizard misses you.
You hit the gnoll.
The gnoll is poisoned.
The gnoll is lightly wounded.
The gnoll hits you from afar with a +0 halberd!
Ouch! That really hurt!
The gnoll hits you.
You die...

..............#......(#
#.........#.).#.......#
#.........#...........#
...........÷#........#
.......)....'.......>#
...#.......#........# #..
#####.......#........# ....
#...........#........# ....#
#....gs..####........#
......#...gl...#############
).....#................####
......#...................#
..........................#
..gg.........÷............#
........######.......†.#
........................#
........................###


You could see 2 gnolls and a frilled lizard.

Vanquished Creatures
  2 gnolls
  A worm (D:2)
  A dart slug (D:1)
  A leopard gecko (D:1)
  4 giant cockroaches (D:1)
  3 goblins (D:1)
  3 hobgoblins
  3 jackals (D:1)
  2 quokkas
  6 bats
  5 frilled lizards
  2 kobolds (D:1)
  A rat (D:1)
34 creatures vanquished.

Notes
Turn   | Place    | Note
-------+----------+-------------------------------------------
     0 | D:1      | Nattfarinn the Felid Transmuter began the quest for the
                  | Orb.
     0 | D:1      | Reached XP level 1. HP: 9/9 MP: 4/4
    99 | D:1      | Reached skill level 3 in Dodging
   175 | D:1      | Reached XP level 2. HP: 11/12 MP: 4/6
   427 | D:1      | Reached XP level 3. HP: 10/15 MP: 7/7
   731 | D:1      | Learned a level 3 spell: Spider Form
  1328 | D:2      | Reached skill level 4 in Dodging
  1342 | D:2      | Slain by a gnoll

Illustrated notes

Levels and vault maps discovered:
D:1:      saegor_arrival_miasma, layout_basic
D:2:      layout_basic

Skill      XL: |  1  2  3 |
---------------+----------+-----
Dodging        | 3 4 |  4.0
Transmutations | 3 |  3.1
Fighting       | |  1.7
Unarmed Combat | |  3.3
Spellcasting   | |  2.0

Action                   || total
-------------------------++-------
Melee: Unarmed           ||    98
       Headbutt          ||    12
       Bite              ||     4
       Punch             ||     3
 Cast: Beastly Appendage ||    10
       Spider Form       ||     1
 Stab: Sleeping          ||     1
Armor: Skin              ||     7
Dodge: Dodged            ||    84

Table legend: (Time is in decaauts)
 A = Elapsed time spent in this place.
 B = Non-inter-level travel time spent in this place.
 C = Inter-level travel time spent in this place.
 D = Time resting spent in this place.
 E = Time spent auto-exploring this place.
 F = Levels seen in this place.
 G = Mean time per level.
                   A        B        C        D        E       F      G
               +--------+--------+--------+--------+--------+-----+--------+
         Total |   1224 |   1221 |      3 |    559 |    400 |   2 |  612.0 |
       Dungeon |   1224 |   1221 |      3 |    559 |    400 |   2 |  612.0 |
               +--------+--------+--------+--------+--------+-----+--------+

Top non-repeatable levels by time:
     D:1: 1007 daAuts
     D:2: 216 daAuts
